 Dungeon Crawl Stone Soup version 0.19-a0-1051-gdb7e7f8 (webtiles) character file.

107 Jmtri7 the Covert (level 4, 0/33 HPs)
             Began as a Vampire Assassin on Aug 1, 2016.
             Slain by an orc
             ... wielding a +0 club
              (1 damage)
             ... on level 3 of the Dungeon.
             The game lasted 00:08:26 (2218 turns).

Jmtri7 the Covert (Vampire Assassin)                Turns: 2218, Time: 00:08:26

Health: 0/33       AC:  3    Str: 10    XL:     4   Next: 56%
Magic:  4/4        EV: 12    Int: 13    God:
Gold:   68         SH:  0    Dex: 16    Spells: 0 memorised, 3 levels left

rFire  . . .     SeeInvis +     a - +2 dagger
rCold  + . .     Gourm    .     c - +0 robe
rNeg   + + .     Faith    .     (no shield)
rPois  +         Spirit   .     (no helmet)
rElec  .         Dismiss  .     d - +0 cloak
rCorr  .         Reflect  .     (no gloves)
SustAt .         Harm     .     (no boots)
MR     .....                    (no amulet)
Stlth  +++++.....               (no ring)
                                (no ring)

@: regenerating slowly, not resistant to hostile enchantments, quite stealthy
A: fangs 3, see invisible, unbreathing
a: Bat Form


You were on level 3 of the Dungeon.
You were very thirsty.

You visited 1 branch of the dungeon, and saw 3 of its levels.

You collected 68 gold pieces.

Inventory:

Hand Weapons
 a - a +2 dagger (weapon)
 b - a +0 blowgun
Missiles
 e - 8 poisoned needles
 f - 2 curare-tipped needles
Armour
 c - a +0 robe (worn)
 d - a +0 cloak (worn)
 q - a cursed +0 ring mail
Jewellery
 h - an uncursed ring of positive energy {unknown}
 t - an uncursed ring of resist corrosion {unknown}
Scrolls
 j - 3 scrolls of identify {unknown}
 l - a scroll of enchant weapon {unknown}
 m - 2 scrolls of remove curse {unknown}
 o - a scroll of noise {unknown}
 p - a scroll of teleportation {unknown}
 v - a scroll of amnesia {unknown}
Potions
 g - 28 potions of blood
 i - a potion of cancellation {unknown}
 k - 3 potions of curing {unknown}
 n - a potion of mutation {unknown}
 r - a potion of agility {unknown}
 s - 2 potions of heal wounds {unknown}
 u - a potion of resistance {unknown}
 w - a potion of might {unknown}


   Skills:
 - Level 1.7 Fighting
 - Level 2.1 Short Blades
 - Level 1.5 Throwing
 - Level 1.1 Dodging
 + Level 9.1 Stealth


You had 3 spell levels left.
You didn't know any spells.

Dungeon Overview and Level Annotations

Branches:
Dungeon (3/15)

Altars:
Cheibriados
Pakellas
Ru


Innate Abilities, Weirdness & Mutations

You heal slowly.
You have razor-sharp teeth.
You have supernaturally acute eyesight. (SInv)
You can survive without breathing.


Message History

* * * LOW HITPOINT WARNING * * *
The orc hits you with a club.
* * * LOW HITPOINT WARNING * * *
You hit the orc but do no damage. You bite the orc, but do no damage.
The orc is almost dead.
The bat barely misses you. The orc hits you with a club.
* * * LOW HITPOINT WARNING * * *
The orc closely misses you.
You hit the orc but do no damage.
The orc is almost dead.
The bat closely misses you. The bat barely misses you.
The orc barely misses you.
You hit the orc but do no damage. Your bite misses the orc.
The orc is almost dead.
The bat closely misses you. The orc misses you.
The orc hits you but does no damage.
You hit the orc.
You kill the orc!
The bat misses you. The orc hits you with a club.
You die...

........###.#........
.....................
#..........##.........(>
#..........#.....>......
#..........#...........(
#####.#.####..(...#.........
.........##.....###.........
.........##)..### ##.......#
.......o.#b@.## #..%......
....$.....o### #.........
...........# #....<....
.........#..# #.........
.........##.# #.........
....!..... ..# ##.......#
............... ##.....##
#######....8...# ######
#...8.8..#


You could see an orc and a bat.

Vanquished Creatures
  Ijyb (D:2)
  An adder (D:3)
  2 oozes
  A dart slug (D:3)
  2 giant geckos
  6 orcs (D:3)
  A ball python (D:1)
  11 bats
  2 giant cockroaches
  5 hobgoblins
  7 giant newts
  2 goblins (D:3)
  7 kobolds
  6 rats
54 creatures vanquished.

Notes
Turn   | Place    | Note
-------+----------+-------------------------------------------
     0 | D:1      | Jmtri7 the Vampire Assassin began the quest for the Orb.
     0 | D:1      | Reached XP level 1. HP: 16/16 MP: 1/1
    17 | D:1      | Reached skill level 6 in Stealth
   109 | D:1      | Reached XP level 2. HP: 18/22 MP: 2/2
   300 | D:1      | Reached skill level 7 in Stealth
   861 | D:2      | Found a sacrificial altar of Ru.
   976 | D:2      | Reached XP level 3. HP: 26/27 MP: 3/3
  1025 | D:2      | Noticed Ijyb
  1028 | D:2      | Killed Ijyb
  1028 | D:2      | Reached skill level 8 in Stealth
  1421 | D:2      | Found an oddly glowing altar of Pakellas.
  1423 | D:2      | Found a snail-covered altar of Cheibriados.
  1532 | D:3      | Reached XP level 4. HP: 33/33 MP: 4/4
  2051 | D:3      | Reached skill level 9 in Stealth
  2215 | D:3      | HP: 1/33 [orc/club (3)]
  2218 | D:3      | Slain by an orc

Vault maps used:
D:1:      shiori_arrival_oz
D:2:      nicolae_overflow_hidden_temple, minmay_item_behind_shaft,
          nicolae_ru_path_of_blood, uniq_iyjb
D:3:      ecumenical_altar_2, minivault_4

Skill      XL: |  1  2  3  4 |
---------------+-------------+-----
Stealth        | 6 7 8 9 |  9.1
Fighting       | |  1.7
Short Blades   | |  2.1
Throwing       | |  1.5
Dodging        | |  1.1

Action                   |  1- 3 |  4- 6 || total
-------------------------+-------+-------++-------
Melee: Dagger            |    80 |    77 ||   157
       Bite              |     4 |    11 ||    15
 Stab: Sleeping          |    15 |     4 ||    19
       Distracted        |       |     1 ||     1
Armor: Robe              |    23 |    29 ||    52
Dodge: Dodged            |    45 |    68 ||   113
